 Dungeon Crawl Stone Soup version 0.27-a0-74-gebd156f8b4 (webtiles) character file.

Game seed: 1234059668000628914

6771 Essalna the Nimble (level 11, 0/86 HPs)
             Began as a Merfolk Ice Elementalist on Jan 11, 2021.
             Was a Priest of Vehumet.
             Slain by an orc warrior
             ... wielding a +0 dire flail
              (3 damage)
             ... on level 1 of the Orcish Mines.
             The game lasted 00:27:46 (11363 turns).

Essalna the Nimble (Merfolk Ice Elementalist)      Turns: 11363, Time: 00:27:47

Health: 0/86       AC:  8    Str: 14    XL:     11   Next: 4%
Magic:  17/20      EV: 19    Int: 18    God:    Vehumet [***...]
Gold:   839        SH:  5    Dex: 15    Spells: 18/22 levels left

rFire    . . .     SeeInvis +   n - +2 trident (vorpal)
rCold    + + .     Faith    .   e - +0 buckler
rNeg     . . .     Spirit   .   u - +2 robe {Will+}
rPois    .         Reflect  .   t - +1 helmet {SInv}
rElec    .         Harm     .   y - +1 cloak
rCorr    .         Rampage  .   (no gloves)
Will     +++..                  (no boots)
Stlth    +++.......             (no amulet)
HPRegen  0.24/turn              f - ring of willpower
MPRegen  0.17/turn              w - ring of Naemaok {rC++ Will+ Str+6 Stlth+}

@: marked, frozen ramparts
A: change form in water, swift swim, stealthy swim
a: Renounce Religion


You were on level 1 of the Orcish Mines.
You worshipped Vehumet.
Vehumet was most pleased with you.
You visited 3 branches of the dungeon, and saw 12 of its levels.

You collected 839 gold pieces.

Inventory:

Hand Weapons
 n - a +2 vorpal trident (weapon)
Armour
 e - a +0 buckler (worn)
 t - a +1 helmet of see invisible (worn)
 u - a +2 robe of willpower (worn)
 v - a +2 leather armour of cold resistance
 y - a +1 cloak (worn)
Magical Staves
 A - an uncursed staff of death {unknown}
 F - an uncursed staff of earth {unknown}
Jewellery
 f - a ring of willpower (left hand)
 s - an uncursed ring of willpower
 w - the ring of Naemaok (right hand) {rC++ Will+ Str+6 Stlth+}
   (You found it on level 4 of the Dungeon)

   [ring of strength]

   It affects your strength (+6).
   It greatly protects you from cold.
   It affects your willpower, your defense against some magical effects.
   It makes you more stealthy.
 C - a cursed ring of teleportation {unknown}
 G - an uncursed ring of protection from cold {unknown}
Wands
 x - a wand of acid (6)
Scrolls
 a - a scroll of immolation {unknown}
 b - 16 scrolls of identify {unknown}
 c - 2 scrolls of blinking {unknown}
 d - 6 scrolls of teleportation {unknown}
 g - 2 scrolls of amnesia {unknown}
 h - 4 scrolls of magic mapping {unknown}
 i - a scroll of torment {unknown}
 j - 4 scrolls of remove curse {unknown}
 o - 3 scrolls of fog {unknown}
 r - 4 scrolls of enchant armour {unknown}
 B - 2 scrolls of noise {unknown}
 E - a scroll of enchant weapon {unknown}
Potions
 k - 3 potions of brilliance {unknown}
 l - 3 potions of invisibility {unknown}
 m - 2 potions of degeneration {unknown}
 p - a potion of mutation {unknown}
 q - a potion of heal wounds {unknown}
 z - 2 potions of might {unknown}
 D - a potion of haste {unknown}


   Skills:
 + Level 8.3 Fighting
 - Level 8.0 Polearms
 + Level 10.5 Dodging
 - Level 2.1 Stealth
 - Level 4.0 Shields
 - Level 6.0 Spellcasting
 + Level 10.0 Ice Magic


You had 18 spell levels left.
You knew the following spells:

 Your Spells              Type           Power        Failure   Level
a - Freeze                Ice            100%         1%          1
b - Frozen Ramparts       Ice            82%          1%          3

Your spell library contained the following spells:

 Spells                   Type           Power        Failure   Level
 Fulminant Prism          Conj/Hex       2%           28%         4
 Ozocubu's Armour         Ice            41%          1%          3
 Hailstorm                Conj/Ice       23%          4%          4
 Summon Ice Beast         Ice/Summ       23%          16%         4
 Confusing Touch          Hex            5%           34%         3
 Gell's Gravitas          Tloc           2%           34%         3
 Metabolic Englaciation   Hex/Ice        11%          38%         5
 Yara's Violent Unravell  Hex/Tmut       2%           58%         5
 Petrify                  Tmut/Erth      5%           75%         4


Dungeon Overview and Level Annotations

Branches:
Dungeon (9/15)             Temple (1/1) D:5             Orc (2/2) D:9
   Lair: D:8-11         Elf: Orc:2

Altars:
Ashenzari
Cheibriados
Gozag
Hepliaklqana
Kikubaaqudgha
Makhleb
Nemelex Xobeh
Okawaru
Qazlal
Ru
Sif Muna
Trog
Uskayaw
Vehumet
Wu Jian
Xom
Yredelemnul
The Shining One

Annotations:
D:3 1 runed translucent door, afck's ghost, amateur HOFE


Message History

You hit the orc.
The orc is almost dead.
The orc hits you but does no damage. The orc warrior misses you.
You puncture the orc!
You kill the orc!
Vehumet accepts your kill.
The orc warrior hits you with a +0 dire flail!!
* * * LOW HITPOINT WARNING * * *
Things that are here:
a +1 dagger of venom; an orc skeleton
Items here: )) [[.
You see here a +0 giant club.
Casting: Frozen Ramparts (safe; 1% risk of failure)
Confirm with . or Enter, or press ? or * to list all spells.
Casting: Frozen Ramparts (safe; 1% risk of failure)
Press: ? - help, Dir - look around, f - activate The walls around you are covered in ice.
The wall freezes the orc warrior.
The orc warrior hits you with a +0 dire flail.
You die...

##....##[........##
##.#....))....^..#.##
#...#..[#[..........#
##.................##
##..........).....#
######.#.#..#.))>[...##
##.#.....#...[#))[....###
#.............o[.)......##
##.#..#.......@.).#......#
#######..........).....##
#.........<......##
#.....#...##..#.##
##.#.#....##...##
######....#...#
##...###.## #....#####
##....#


You could see an orc warrior.

Vanquished Creatures
  2 two-headed ogres (D:8)
  Sigmund (D:2)
  A wyvern (D:8)
  3 wargs
  7 orc warriors
  An ice beast (D:7)
  A necrophage (D:8)
  12 ogres
  A sky beast (D:6)
  2 centaurs
  4 bullfrogs
  5 scorpions
  4 killer bees (D:8)
  3 wights (D:7)
  2 bullfrog zombies (D:5)
  A quasit (D:7)
  2 centaur skeletons
  5 hounds
  2 bullfrog skeletons
  9 orc priests
  6 gnoll shamans (D:8)
  A jelly (D:8)
  7 orc wizards
  4 iguanas
  10 worker ants
  3 hound skeletons
  2 howler monkey zombies
  Robin (D:2)
  15 gnolls (D:8)
  9 adders
  3 shadow imps
  4 white imps
  3 ufetubi
  An ooze (D:1)
  An adder zombie (D:7)
  An adder skeleton (D:4)
  A worm (D:2)
  A dart slug (D:3)
  6 leopard geckos
  47 orcs
  5 giant cockroaches
  15 goblins
  6 hobgoblins
  8 jackals
  4 kobolds
  5 quokkas
  8 bats
  9 frilled lizards
  A leopard gecko skeleton (D:4)
  A quokka skeleton (D:8)
  12 rats
268 creatures vanquished.

Vanquished Creatures (others)
  6 fungi (D:8)
  8 plants (D:8)
14 creatures vanquished.

Grand Total: 282 creatures vanquished

Notes
Turn   | Place    | Note
-------+----------+-------------------------------------------
     0 | D:1      | Essalna the Merfolk Ice Elementalist began the quest for
                  | the Orb.
     0 | D:1      | Reached XP level 1. HP: 13/13 MP: 3/3
   423 | D:1      | Reached XP level 2. HP: 19/19 MP: 3/5
  1046 | D:2      | Reached XP level 3. HP: 16/24 MP: 4/6
  1048 | D:2      | Reached skill level 1 in Shields
  1203 | D:2      | Noticed Sigmund
  2005 | D:3      | Found an ancient bone altar of Kikubaaqudgha.
  2112 | D:3      | Reached skill level 5 in Ice Magic
  2190 | D:3      | Reached XP level 4. HP: 31/31 MP: 4/8
  2194 | D:3      | Learned a level 3 spell: Frozen Ramparts
  2260 | D:3      | Reached skill level 1 in Polearms
  2404 | D:3      | Found a runed translucent door.
  2404 | D:3      | Noticed afck's ghost (amateur HOFE)
  2844 | D:2      | Noticed Robin
  2847 | D:2      | Reached XP level 5. HP: 33/36 MP: 5/9
  2849 | D:2      | Reached skill level 1 in Fighting
  2858 | D:2      | Killed Robin
  3241 | D:2      | Killed Sigmund
  3242 | D:2      | Reached XP level 6. HP: 44/44 MP: 7/10
  3560 | D:4      | Reached XP level 7. HP: 49/50 MP: 8/12
  3638 | D:4      | Got a glittering silver ring
  3640 | D:4      | Identified the ring of Naemaok {rC++ Will+ Str+6 Stlth+}
                  | (You found it on level 4 of the Dungeon)
  4439 | D:5      | Entered Level 5 of the Dungeon
  4500 | D:5      | Found a staircase to the Ecumenical Temple.
  4544 | Temple   | Entered the Ecumenical Temple
  4673 | Temple   | Became a worshipper of Vehumet
  4771 | D:5      | Found a hazy altar of Hepliaklqana.
  4955 | D:5      | Reached skill level 5 in Dodging
  4962 | D:5      | Reached XP level 8. HP: 29/58 MP: 8/14
  5193 | D:5      | Found a sacrificial altar of Ru.
  5475 | D:5      | Found an ornate altar of the Wu Jian Council.
  5641 | D:6      | Reached skill level 5 in Polearms
  6244 | D:6      | Reached * piety under Vehumet
  6244 | D:6      | Offered knowledge of Magic Dart by Vehumet.
  6433 | D:6      | Reached XP level 9. HP: 54/66 MP: 12/16
  6661 | D:7      | Reached skill level 5 in Spellcasting
  6909 | D:7      | Reached skill level 5 in Fighting
  7151 | D:7      | Found a bloodstained altar of Trog.
  7667 | D:8      | Offered knowledge of Searing Ray by Vehumet.
  7703 | D:8      | Reached ** piety under Vehumet
  8224 | D:8      | Reached XP level 10. HP: 39/76 MP: 18/18
  9081 | D:8      | Offered knowledge of Mephitic Cloud by Vehumet.
  9201 | D:8      | Noticed a two-headed ogre
  9208 | D:8      | Killed a two-headed ogre
  9531 | D:8      | Noticed a two-headed ogre
  9543 | D:8      | Killed a two-headed ogre
 10033 | D:9      | Found a staircase to the Orcish Mines.
 10041 | D:9      | Reached *** piety under Vehumet
 10076 | Orc:1    | Entered Level 1 of the Orcish Mines
 10094 | Orc:1    | Offered knowledge of Fulminant Prism by Vehumet.
 10348 | Orc:2    | Entered Level 2 of the Orcish Mines
 10373 | Orc:1    | Reached skill level 10 in Dodging
 10909 | Orc:1    | Reached XP level 11. HP: 60/86 MP: 17/20
 11323 | Orc:2    | Reached skill level 10 in Ice Magic
 11323 | Orc:2    | Noticed an orc sorcerer
 11347 | Orc:1    | Noticed a cyclops
 11359 | Orc:1    | HP: 2/86 [orc warrior/+0 dire flail (20)]
 11363 | Orc:1    | Slain by an orc warrior

Illustrated notes

Levels and vault maps discovered:
D:1:      matt_arrival_grand_opening, layout_basic, serial_rivers,
          chequers_serial_rivers_large_a, chequers_serial_rivers_micro_b,
          chequers_serial_rivers_marsh, chequers_serial_rivers_micro_b,
          due_unseen_surprise
D:2:      layout_loops_cross, kennysheep_nondescript, uniq_sigmund, uniq_robin
D:3:      layout_loops_cross, kiku_gazebo_garden_becter,
          hellmonk_ghost_happy_afterlife
D:4:      layout_loops_corners
D:5:      layout_loops_cross, kennysheep_mini, nzn_wu_jian_council_hall,
          minmay_temple_entry_mini_moons, minmay_ruined_shrine
D:6:      layout_basic
D:7:      layout_cave_pools, moated_statue, minivault_5, trog_book
D:8:      kennysheep_seaside_town, layout_basic
D:9:      layout_stronghold, chequers_temple_overflow_minitemple,
          hiddenorc1_lemuel, grunt_ministairs_13, uniq_pikel
Temple:   eino_temple_scatter_basement
Orc:1:    layout_caves, serial_shops, shop
Orc:2:    kennysheep_orc_mage_school, layout_caves

Skill      XL: |  1  2  3  4  5  6  7  8  9 10 11 |
---------------+----------------------------------+-----
Shields        | 1 2 3 4 |  4.0
Ice Magic      | 5 6 7 8 9 10 | 10.0
Polearms       | 1 2 3 4 6 7 8 |  8.0
Dodging        | 3 4 5 6 8 10 | 10.5
Spellcasting   | 3 4 5 6 |  6.0
Fighting       | 1 2 3 4 5 8 |  8.3
Stealth        | |  2.1

Action                   |  1- 3 |  4- 6 |  7- 9 | 10-12 || total
-------------------------+-------+-------+-------+-------++-------
Melee: Unarmed           |    27 |       |       |       ||    27
       Dagger            |    29 |       |       |       ||    29
       Spear             |    31 |   103 |   141 |       ||   275
       Trident           |       |       |   244 |   180 ||   424
 Cast: Freeze            |    41 |     8 |     1 |       ||    50
       Frozen Ramparts   |       |     6 |    19 |    20 ||    45
 Stab: Sleeping          |     7 |     3 |    23 |     3 ||    36
       Distracted        |     1 |       |       |       ||     1
Armor: Robe              |    25 |    23 |    56 |    19 ||   123
Dodge: Dodged            |    69 |    66 |   182 |   112 ||   429
Block: Buckler           |    10 |    15 |    57 |    29 ||   111

Table legend: (Time is in decaauts)
 A = Elapsed time spent in this place.
 B = Non-inter-level travel time spent in this place.
 C = Inter-level travel time spent in this place.
 D = Time resting spent in this place.
 E = Time spent auto-exploring this place.
 F = Levels seen in this place.
 G = Mean time per level.
                   A        B        C        D        E       F      G
               +--------+--------+--------+--------+--------+-----+--------+
         Total |  11320 |  10883 |    437 |    484 |   8467 |  12 |  943.3 |
       Dungeon |   9884 |   9481 |    403 |    169 |   7641 |   9 | 1098.2 |
        Temple |    147 |    130 |     17 |      0 |    124 |   1 |  147.0 |
  Orcish Mines |   1288 |   1271 |     17 |    315 |    702 |   2 |  644.0 |
               +--------+--------+--------+--------+--------+-----+--------+

Top non-repeatable levels by time:
     D:8: 2696 daAuts
     D:2: 1291 daAuts
     D:4: 1092 daAuts
     D:1: 1061 daAuts
   Orc:1: 1018 daAuts
     D:6: 983 daAuts
     D:3: 970 daAuts
     D:5: 949 daAuts
     D:7: 798 daAuts
   Orc:2: 269 daAuts
  Temple: 147 daAuts
     D:9: 40 daAuts
